 Dungeon Crawl Stone Soup version 0.28.0 (webtiles) character file.

Game seed: 3006466427945053890

130 Host24 the Bolt Thrower (level 5, -3/32 HPs)
             Began as a Kobold Hunter on Feb 20, 2022.
             Slain by Pargi (6 damage)
             ... in a sewer.
             The game lasted 00:06:45 (2778 turns).

Host24 the Bolt Thrower (Kobold Hunter)             Turns: 2778, Time: 00:06:46

Health: -3/32      AC:  4    Str: 12    XL:     5   Next: 36%
Magic:  5/5        EV: 14    Int: 12    God:
Gold:   96         SH:  0    Dex: 15    Spells: 4/4 levels left

rFire   . . .      SeeInvis .   a - +1 hand crossbow
rCold   . . .      Faith    .   (no shield)
rNeg    . . .      Spirit   .   c - +0 leather armour
rPois   .          Reflect  .   (no helmet)
rElec   .          Harm     .   (no cloak)
rCorr   .          Rampage  .   l - +0 pair of gloves
Will    .....                   (no boots)
Stlth   +++.......              (no amulet)
HPRegen 0.10/turn               (no ring)
MPRegen 0.09/turn               (no ring)

@: no status effects
A: small, no large weapons, nightstalker 3
a: no special abilities


You were in a sewer.
You visited 1 branch of the dungeon, and saw 3 of its levels.
You also visited: Sewer.

You collected 96 gold pieces.

Inventory:

Hand Weapons
 a - a +1 hand crossbow (weapon)
 g - a +2 whip of electrocution
 k - a +2 dagger of venom
 s - a +7 club
 t - a +2 short sword of flaming
Missiles
 b - a throwing net
 d - 9 bolts (quivered ammo)
 f - 94 stones
 h - 5 boomerangs
 i - 42 sling bullets
 n - 52 arrows
Armour
 c - a +0 leather armour (worn)
 l - a +0 pair of gloves (worn)
Jewellery
 m - a ring of magical power
 u - a +6 ring of intelligence
Wands
 r - a wand of digging (4)
Scrolls
 e - a scroll of amnesia {unknown}
 q - a scroll of holy word {unknown}
Potions
 j - 2 potions of invisibility {unknown}
 o - a potion of mutation {unknown}
 p - a potion of degeneration {unknown}


   Skills:
 - Level 3.0 Fighting
 + Level 6.9 Crossbows
 - Level 3.0 Dodging
 - Level 1.3 Stealth


You had 4 spell levels left.
You didn't know any spells.
Your spell library was empty.

Dungeon Overview and Level Annotations

Branches:
Dungeon (3/15)              Sewer (1/1)

Altars:

Shops:
D:3 :(=

Annotations:
Sewer Pargi


Innate Abilities, Weirdness & Mutations

You are small and have problems with some larger weapons.
You are completely attuned to the shadows.


Message History

You shoot a bolt. The bolt hits Pargi.
Pargi is heavily wounded.
Pargi bites you. Pargi claws you but does no damage. x2
Fire: 14 bolts
Press: ? - help, Q - select action, (/) - cycle Shift-Dir - straight line, f/p - Pargi
Aim: Pargi (heavily wounded, 61% to hit)
You shoot a bolt. The bolt hits Pargi.
Pargi is heavily wounded.
Pargi bites you. Pargi closely misses you. Pargi barely misses you.
Pargi misses you. Pargi closely misses you. Pargi claws you.
* * * LOW HITPOINT WARNING * * *
Fire: 13 bolts
Press: ? - help, Q - select action, (/) - cycle Shift-Dir - straight line, f/p - Pargi
Aim: Pargi (heavily wounded, 61% to hit)
You shoot a bolt. The bolt barely misses Pargi.
Pargi bites you.
* * * LOW HITPOINT WARNING * * *
Pargi claws you.
* * * LOW HITPOINT WARNING * * *
Pargi barely misses you.
Fire: 12 bolts
Press: ? - help, Q - select action, (/) - cycle Shift-Dir - straight line, f/p - Pargi
Aim: Pargi (moderately wounded, 61% to hit)
You shoot a bolt. The bolt misses Pargi.
Pargi barely misses you. x2; Pargi closely misses you.
Unknown command.
Fire: 11 bolts
Press: ? - help, Q - select action, (/) - cycle Shift-Dir - straight line, f/p - Pargi
Aim: Pargi (moderately wounded, 61% to hit)
You shoot a bolt. The bolt hits Pargi.
Pargi is heavily wounded.
Pargi bites you but does no damage. Pargi claws you but does no damage.
Pargi completely misses you.
Fire: 10 bolts
Press: ? - help, Q - select action, (/) - cycle Shift-Dir - straight line, f/p - Pargi
Aim: Pargi (heavily wounded, 61% to hit)
You shoot a bolt. The bolt hits Pargi!
Pargi is severely wounded.
Pargi bites you.
You die...

#+##+##+##+##+##+##+#
#...................####
#≈≈≈≈≈≈≈≈≈.≈≈≈≈≈≈≈≈≈#≈≈≈
#≈≈≈≈≈≈≈≈≈∩≈≈≈≈≈≈≈≈≈#≈≈≈
#≈≈≈≈≈≈≈≈≈.≈≈≈≈≈≈≈≈≈#≈≈≈
#...............@...####
#'##'##'##.##'##T##+#
#.##†##)##.##.##.#
#.##.##.##∩##.##(#
##################


You could see Pargi.

Vanquished Creatures
  A hound (D:3)
  Ijyb (D:3)
  2 adders
  3 dart slugs
  5 bats
  3 endoplasms
  2 giant cockroaches (D:1)
  6 hobgoblins
  4 jackals (D:2)
  5 kobolds
  A quokka (D:3)
  8 ball pythons
  3 frilled lizards
  5 goblins
  3 rats
52 creatures vanquished.

Notes
Turn   | Place    | Note
-------+----------+-------------------------------------------
     0 | D:1      | Host24 the Kobold Hunter began the quest for the Orb.
     0 | D:1      | Reached XP level 1. HP: 12/12 MP: 1/1
    76 | D:1      | Reached skill level 5 in Crossbows
   193 | D:1      | Reached XP level 2. HP: 18/18 MP: 2/2
   463 | D:1      | Reached XP level 3. HP: 23/23 MP: 3/3
   711 | D:1      | Found a faded altar of an unknown god.
  1212 | D:2      | Reached XP level 4. HP: 27/28 MP: 4/4
  1973 | D:3      | Noticed Ijyb
  1977 | D:3      | Killed Ijyb
  1978 | D:3      | Reached skill level 6 in Crossbows
  1978 | D:3      | Found Timoosm's Antique Weapon Shoppe.
  2006 | D:3      | Found Kiekihiale's Jewellery Emporium.
  2068 | D:3      | Reached XP level 5. HP: 31/32 MP: 5/5
  2189 | D:3      | Found Daaz's Book Shoppe.
  2461 | D:3      | Found a glowing drain.
  2473 | Sewer    | Entered a sewer
  2768 | Sewer    | Noticed Pargi
  2778 | Sewer    | Slain by Pargi

Illustrated notes

Levels and vault maps discovered:
D:1:      enne_arrival_octagon_isle, layout_basic,
          shapermc_ecumenical_altar_hornbeckon
D:2:      layout_loops_corners, glass_columns_a
D:3:      layout_basic, portal_sewer_entry_a, serial_shops,
          nicolae_diamond_shop, shop, shop_fountains, uniq_ijyb
Sewer:    kennysheep_door_sewer

Skill      XL: |  1  2  3  4 |
---------------+-------------+-----
Crossbows      | 5 6 |  6.9
Fighting       | 3 |  3.0
Dodging        | 3 |  3.0
Stealth        | |  1.3

Action                   |  1- 3 |  4- 6 || total
-------------------------+-------+-------++-------
Melee: Whip              |    83 |    21 ||   104
       Punch             |     3 |     2 ||     5
       Club              |       |    25 ||    25
 Fire: Hand crossbow     |     1 |    16 ||    17
 Stab: Sleeping          |    12 |     8 ||    20
Armor: Leather armour    |    12 |    17 ||    29
Dodge: Dodged            |    56 |    60 ||   116
